 Dungeon Crawl Stone Soup version 0.21-a0-426-g98080a9 (webtiles) character file.

55754 tilp the Eclecticist (level 14, -19/88 HPs)
             Began as a Deep Elf Fire Elementalist on Nov 6, 2017.
             Was a High Priest of Vehumet.
             Demolished by Rupert
             ... wielding a +4 executioner's axe of chopping
              (31 damage)
             ... on level 2 of the Orcish Mines on Nov 7, 2017.
             The game lasted 01:53:08 (33216 turns).

tilp the Eclecticist (Deep Elf Fire Elementalist)  Turns: 33216, Time: 01:53:09

Health: -19/88     AC: 10    Str:  5    XL:     14   Next: 39%
Magic:  6/35       EV: 13    Int: 29    God:    Vehumet [*****.]
Gold:   1495       SH:  0    Dex: 15    Spells: 5/43 levels left

rFire    + . .     SeeInvis .   R - +0 quick blade
rCold    + . .     Gourm    .   (no shield)
rNeg     + . .     Faith    .   n - +2 ring mail {MR+}
rPois    .         Spirit   .   g - +2 hat {Int+3}
rElec    .         Reflect  .   O - scarf {rC+ rF+}
rCorr    .         Harm     .   (no gloves)
MR       ++...                  (no boots)
Stlth    +.........             I - amulet of magic regeneration
HPRegen  0.24/turn              (no ring)
MPRegen  0.49/turn              q - ring of positive energy

@: no status effects
A: no striking features
a: Renounce Religion


You were on level 2 of the Orcish Mines.
You worshipped Vehumet.
Vehumet was extremely pleased with you.
You were not hungry.

You visited 4 branches of the dungeon, and saw 20 of its levels.

You collected 1825 gold pieces.
You spent 330 gold pieces at shops.

Inventory:

Hand Weapons
 u - a +2 great sword
 y - a +2 dagger of electrocution
 H - a +1 battleaxe of electrocution
 R - a +0 quick blade (weapon)
 W - a +3 great mace
 Y - a +5 dagger
Missiles
 h - 37 tomahawks
 l - 3 tomahawks of dispersal
 m - 3 tomahawks of returning
 B - 5 silver tomahawks (quivered)
 P - 3 exploding tomahawks
 S - 6 poisoned tomahawks
Armour
 g - a +2 hat of intelligence (worn)
 n - a +2 ring mail of magic resistance (worn)
 r - a +0 robe of positive energy
 O - a scarf of resistance (worn)
 Z - a +2 robe of cold resistance
Jewellery
 k - an uncursed ring of fire
 p - an uncursed ring of flight
 q - a ring of positive energy (right hand)
 F - an uncursed amulet of regeneration
 I - an amulet of magic regeneration (around neck)
 J - an uncursed ring of wizardry {unknown}
Wands
 c - a wand of acid (0/15)
 f - a wand of iceblast (11/15)
 z - a wand of paralysis (10/24)
 A - a wand of clouds (2/9)
 G - a wand of polymorph (11/24)
 K - a wand of lightning (0/15)
Scrolls
 b - 2 scrolls of brand weapon {unknown}
 i - 5 scrolls of remove curse
 v - a scroll of vulnerability {unknown}
 C - 2 scrolls of noise {unknown}
 L - a scroll of silence {unknown}
 V - a scroll of fog
 X - a scroll of teleportation
Potions
 a - a potion of brilliance
 d - a potion of ambrosia {unknown}
 j - 2 potions of might
 o - a potion of mutation {unknown}
 s - a potion of resistance
 t - a potion of lignification {unknown}
 w - 2 potions of degeneration {unknown}
 x - a potion of flight {unknown}
 D - 4 potions of magic
 E - 2 potions of agility {unknown}
 M - 4 potions of curing
 N - a potion of cancellation
 Q - a potion of invisibility
Miscellaneous
 e - a lamp of fire
Comestibles
 T - 19 fruits
 U - a chunk of flesh


   Skills:
 + Level 10.4 Fighting
 - Level 6.0 Armour
 + Level 8.3 Dodging
 - Level 2.4 Stealth
 - Level 15.0 Spellcasting
 + Level 12.8 Conjurations
 + Level 12.8 Fire Magic


You had 5 spell levels left.
You knew the following spells:

 Your Spells              Type           Power        Failure   Level  Hunger
a - Flame Tongue          Conj/Fire      #####        1%          1    None
b - Throw Flame           Conj/Fire      ######       1%          2    None
c - Conjure Flame         Conj/Fire      #######.     1%          3    None
d - Sticky Flame          Conj/Fire      #######.     1%          4    None
e - Fireball              Conj/Fire      #######...   1%          5    None
f - Animate Skeleton      Necr           N/A          9%          1    None
g - Freeze                Ice            ###.         2%          1    None
h - Magic Dart            Conj           ####         1%          1    None
i - Apportation           Tloc           ###...       9%          1    None
j - Iskenderun's Mystic   Conj           #######.     1%          4    None
k - Lee's Rapid Deconstr  Erth           ###.......   50%         5    None
l - Bolt of Magma         Conj/Fire/Erth ######....   1%          5    None
m - Iskenderun's Battles  Conj/Chrm      ######..     4%          5    None


Dungeon Overview and Level Annotations

Branches:
Dungeon (12/15)            Temple (1/1) D:4            Lair (5/6) D:11
 Shoals (0/4) Lair:2        Snake (0/4) Lair:4        Slime (0/5) Lair:5
    Orc (2/2) D:12            Elf (0/3) Orc:2

Altars:
Ashenzari
Cheibriados
Dithmenos
Elyvilon
Fedhas
Gozag
Hepliaklqana
Kikubaaqudgha
Makhleb
Nemelex Xobeh
Okawaru
Qazlal
Ru
Sif Muna
Trog
Uskayaw
Vehumet
Wu Jian
Xom
Yredelemnul
Zin
The Shining One

Shops:
D:4 (   D:8 !   Orc:1 }

Portals:
Trove: D:11 (give 7 scrolls of blinking)

Annotations:
Orc:2 Rupert


Message History

Rupert burns!
Rupert is engulfed in blazing flames.
Rupert hits you with an executioner's axe of chopping!
Casting: Sticky Flame
Confirm with . or Enter, or press ? or * to list all spells.
Aiming: Sticky Flame
Press: ? - help, Shift-Dir - straight line, f/p - Rupert
Aim: Rupert, wielding an executioner's axe of chopping and wearing a runed chain mail (flame, heavily wounded, berserk, fast, unusually strong, covered in liquid flames)
The sticky flame hits Rupert.
Rupert appears unharmed.
Rupert is heavily wounded.
Rupert burns!
Rupert is engulfed in blazing flames.
Rupert hits you with an executioner's axe of chopping!!!
* * * LOW HITPOINT WARNING * * *
x2 Unknown command.
Unknown command.
Rupert burns!
Rupert closely misses you.
You hear a shout!
You see here a falchion.
Rupert burns!
Rupert hits you with an executioner's axe of chopping!!
You die...

#.....)##.# #.#.....## ##
#####....).### ####....#
##.#.....)[...## #....#
##..............# #..###
#....#.........### ####
####.##..#....)#.# ###
#..#..##.....#####.######
######.########..)[##...##..###
#...#..#...#.).@.##)#..##.....#
#......#...#....@#..).).)....#
#.....##.......).)#.#))).....###
#.#..####.......####)....)....##
##.### #.....#..# #.......)..#.
### #.#...#.## ##.........#)
#####.### ##.......... ##...#
##.....)..() #...## #...).)...))


You could see Rupert (berserk).

Vanquished Creatures
  Gastronok (Lair:1)
  Josephine (D:11)
  Harold (Lair:3)
  3 hydras
  3 two-headed ogres
  3 orc high priests (Orc:2)
  Nergalle (Lair:3)
  The ghost of dwormar the Quickloader, a novice CeHu of Trog (D:6)
  2 unseen horrors
  A necromancer (Lair:5)
  8 orc knights
  2 orc sorcerers (Orc:1)
  Joseph (D:8)
  3 cyclopes
  6 black mambas
  A gargoyle (D:12)
  7 spiny frogs
  Psyche (D:8)
  A centaur skeleton (D:11)
  2 kobold demonologists (D:9)
  A rime drake (Lair:4)
  5 komodo dragons
  3 trolls
  5 polar bears (Lair:2)
  A hornet (D:9)
  Grinder (D:5)
  11 hippogriffs
  14 blink frogs
  6 dream sheep (Lair:5)
  3 water elementals (D:12)
  3 wyverns
  4 wraiths
  16 yaks
  A vampire (D:12)
  Eustachio (D:6)
  A basilisk (Lair:2)
  Menkaure (D:6)
  A hungry ghost (D:10)
  5 nagas (Lair:4)
  5 wargs
  An acid dragon (D:12)
  12 water moccasins
  5 porcupines
  41 orc warriors
  3 ice beasts
  4 sky beasts
  2 black bears
  2 necrophages
  A phantom (D:6)
  13 ogres
  6 centaurs
  2 eyes of draining (D:11)
  3 elephant zombies (Lair:5)
  47 wolves
  6 crocodiles
  Blork the orc (D:5)
  2 big kobolds (D:9)
  A komodo dragon zombie (Lair:5)
  14 bullfrogs
  A wyvern skeleton (D:12)
  A water moccasin zombie (D:10)
  2 scorpions
  3 killer bees
  5 wights (D:7)
  10 electric eels
  3 howler monkeys
  3 crimson imps
  2 centaur zombies
  A basilisk zombie (Lair:5)
  4 hounds
  3 bullfrog skeletons
  A gnoll shaman (D:6)
  32 orc priests
  14 jellies
  15 orc wizards
  5 hell rats (Lair:3)
  6 iguanas
  9 worker ants
  A crocodile zombie (Lair:5)
  A hound zombie (D:10)
  4 gnolls (D:6)
  10 adders
  A shadow imp (D:7)
  3 oozes
  An adder skeleton (D:9)
  5 worms
  3 dart slugs
  2 leopard geckos
  108 orcs
  3 ball pythons
  5 giant cockroaches
  9 goblins
  4 hobgoblins
  A quokka (D:6)
  11 bats
  9 frilled lizards
  A jackal skeleton (D:5)
  14 kobolds
  A quokka skeleton (D:4)
  7 rats
  A bush (Lair:4)
628 creatures vanquished.

Vanquished Creatures (collateral kills)
  A scorpion (Lair:2)
1 creature vanquished.

Vanquished Creatures (others)
  An orc (Orc:1)
  8 fungi
  18 plants
27 creatures vanquished.

Grand Total: 656 creatures vanquished

Notes
Turn   | Place    | Note
-------+----------+-------------------------------------------
     0 | D:1      | tilp the Deep Elf Fire Elementalist began the quest for the Orb.
     0 | D:1      | Reached XP level 1. HP: 10/10 MP: 6/6
   206 | D:1      | Reached XP level 2. HP: 15/15 MP: 4/8
   214 | D:1      | Learned a level 2 spell: Throw Flame
  1126 | D:2      | Reached XP level 3. HP: 7/19 MP: 1/10
  1331 | D:2      | Learned a level 3 spell: Conjure Flame
  1774 | D:2      | Reached XP level 4. HP: 24/24 MP: 6/11
  2003 | D:2      | Reached skill level 4 in Spellcasting
  2228 | D:3      | Learned a level 4 spell: Sticky Flame
  2540 | D:3      | Reached XP level 5. HP: 28/28 MP: 11/13
  2784 | D:3      | Reached skill level 1 in Fighting
  3290 | D:4      | Reached skill level 5 in Spellcasting
  3344 | D:4      | Found Egic's Weapon Shop.
  3682 | D:4      | Reached XP level 6. HP: 13/35 MP: 6/15
  4094 | D:4      | Found a staircase to the Ecumenical Temple.
  4108 | Temple   | Entered the Ecumenical Temple
  4197 | Temple   | Became a worshipper of Vehumet
  4239 | D:5      | Entered Level 5 of the Dungeon
  4501 | D:5      | Reached skill level 6 in Spellcasting
  4790 | D:5      | Reached XP level 7. HP: 26/40 MP: 10/18
  4823 | D:5      | Learned a level 5 spell: Fireball
  4993 | D:5      | Noticed Blork the orc
  5215 | D:5      | Reached skill level 5 in Conjurations
  5215 | D:5      | Reached skill level 5 in Fire Magic
  5491 | D:5      | Found a sparkling altar of Nemelex Xobeh.
  5505 | D:5      | Noticed Grinder
  5707 | D:4      | HP: 2/40 [poisoned by a killer bee]
  6124 | D:5      | Killed Blork the orc
  6124 | D:5      | Reached skill level 7 in Spellcasting
  6550 | D:6      | Noticed dwormar's ghost (novice CeHu)
  6952 | D:6      | Noticed Menkaure
  6954 | D:6      | Killed Menkaure
  6954 | D:6      | Reached XP level 8. HP: 25/44 MP: 13/21
  7215 | D:6      | Found a shadowy altar of Dithmenos.
  7233 | D:6      | Noticed Eustachio
  7287 | D:6      | Killed Eustachio
  7287 | D:6      | Reached skill level 8 in Spellcasting
  7879 | D:6      | Reached skill level 9 in Spellcasting
  7966 | D:6      | Got a distressingly furry hat
  7977 | D:6      | Identified the cursed -1 hat of New Discoveries {rF+ Str+4 Dex-5 Stlth-} (You found it on level 6 of the Dungeon)
  8110 | D:6      | Reached * piety under Vehumet
  8110 | D:6      | Offered knowledge of Magic Dart by Vehumet.
  8116 | D:6      | Learned a level 1 spell: Magic Dart
  8224 | D:6      | Reached XP level 9. HP: 42/48 MP: 17/24
  8701 | D:6      | HP: 1/48 [dwormar's ghost (2)]
  9058 | D:7      | Reached skill level 10 in Spellcasting
 10142 | D:8      | Noticed Joseph
 10420 | D:8      | Found Ynuc Soq's Distillery.
 10460 | D:8      | Bought a potion of curing for 33 gold pieces
 10460 | D:8      | Bought a potion of curing for 33 gold pieces
 10460 | D:8      | Bought a potion of cancellation for 88 gold pieces
 10460 | D:8      | Bought a potion of magic for 88 gold pieces
 10460 | D:8      | Bought a potion of heal wounds for 55 gold pieces
 10460 | D:8      | Bought a potion of curing for 33 gold pieces
 10650 | D:8      | Killed Joseph
 10650 | D:8      | Reached XP level 10. HP: 27/53 MP: 7/26
 10817 | D:8      | Found a shattered altar of Ashenzari.
 10985 | D:8      | Noticed Psyche
 10990 | D:8      | Killed Psyche
 11316 | D:9      | Reached skill level 10 in Fire Magic
 11338 | D:9      | Reached skill level 10 in Conjurations
 11358 | D:9      | Noticed a rust devil
 11363 | D:9      | Reached ** piety under Vehumet
 11404 | D:9      | Reached skill level 1 in Armour
 11512 | D:9      | Offered knowledge of Freeze by Vehumet.
 11515 | D:9      | Learned a level 1 spell: Freeze
 12126 | D:9      | Noticed a two-headed ogre
 12141 | D:9      | Killed a two-headed ogre
 12141 | D:9      | Reached skill level 5 in Dodging
 12141 | D:9      | Reached skill level 11 in Spellcasting
 12522 | D:10     | Entered Level 10 of the Dungeon
 12799 | D:10     | Offered knowledge of Ignite Poison by Vehumet.
 13091 | D:10     | Noticed a two-headed ogre
 13105 | D:10     | Killed a two-headed ogre
 13105 | D:10     | Reached XP level 11. HP: 61/61 MP: 16/28
 13314 | D:10     | You fall through a shaft for 2 floors!
 13920 | D:10     | Killed an unseen horror
 14400 | D:11     | Noticed Josephine
 14634 | D:11     | Learned a level 1 spell: Animate Skeleton
 14636 | D:11     | Learned a level 1 spell: Apportation
 14834 | D:11     | Noticed an unseen horror
 14837 | D:11     | Killed an unseen horror
 14965 | D:11     | Found a staircase to the Lair.
 14986 | D:11     | Reached skill level 5 in Fighting
 14986 | D:11     | Reached skill level 12 in Spellcasting
 15247 | Lair:1   | Entered Level 1 of the Lair of Beasts
 15247 | Lair:1   | Noticed Gastronok
 15286 | D:11     | Found a portal to a secret trove of treasure.
 15756 | D:11     | Killed Josephine
 16206 | D:12     | Reached *** piety under Vehumet
 16830 | D:12     | Found a staircase to the Orcish Mines.
 16973 | D:12     | Offered knowledge of Iskenderun's Mystic Blast by Vehumet.
 16979 | D:12     | Learned a level 4 spell: Iskenderun's Mystic Blast
 17259 | D:12     | Noticed a two-headed ogre
 17263 | D:12     | Killed a two-headed ogre
 17386 | D:12     | Reached XP level 12. HP: 71/71 MP: 21/30
 17822 | Orc:1    | Entered Level 1 of the Orcish Mines
 18086 | Lair:1   | Killed Gastronok
 18130 | Lair:1   | Reached **** piety under Vehumet
 19138 | Lair:1   | Offered knowledge of Lee's Rapid Deconstruction by Vehumet.
 19147 | Lair:1   | Learned a level 5 spell: Lee's Rapid Deconstruction
 20595 | Lair:2   | Reached skill level 13 in Spellcasting
 20942 | Lair:2   | Found a staircase to the Shoals.
 21737 | Lair:3   | Noticed Nergalle
 21754 | Lair:3   | Killed Nergalle
 21804 | Lair:3   | Noticed Harold
 21985 | Lair:3   | Killed Harold
 21985 | Lair:3   | Reached XP level 13. HP: 79/79 MP: 13/32
 22412 | Lair:3   | Reached ***** piety under Vehumet
 22440 | Lair:3   | Offered knowledge of Bolt of Magma by Vehumet.
 22447 | Lair:3   | Learned a level 5 spell: Bolt of Magma
 23328 | Lair:4   | Reached skill level 14 in Spellcasting
 23487 | Lair:4   | Found a staircase to the Snake Pit.
 24327 | Lair:4   | Reached skill level 5 in Armour
 25557 | Lair:4   | HP: 3/80 [blink frog (16)]
 26292 | Lair:5   | Found a staircase to the Slime Pits.
 26490 | Lair:5   | Reached skill level 15 in Spellcasting
 26736 | Lair:5   | Reached skill level 10 in Fighting
 26888 | Lair:5   | Offered knowledge of Iskenderun's Battlesphere by Vehumet.
 26895 | Lair:5   | Learned a level 5 spell: Iskenderun's Battlesphere
 27900 | D:6      | Killed dwormar's ghost
 28041 | D:5      | Killed Grinder
 28979 | Orc:2    | Entered Level 2 of the Orcish Mines
 28979 | Orc:2    | Found a staircase to the Elven Halls.
 29192 | Orc:1    | Reached XP level 14. HP: 79/88 MP: 20/35
 30516 | Orc:1    | Found Icyopp's Quality Used Wands.
 31871 | Orc:2    | Offered knowledge of Spellforged Servitor by Vehumet.
 33064 | Orc:2    | Noticed Rupert
 33216 | Orc:2    | Demolished by Rupert

Vault maps used:
D:1:      dpeg_arrival_three_bigger_balls
D:2:      st_stairs_5
D:4:      minmay_temple_entry_poolview, serial_shops, shop
D:5:      first_bread, nemelex_lonely_heart_becter, uniq_grinder,
          uniq_blork_the_orc
D:6:      nicolae_dithmenos_shadow_blocks, uniq_eustachio, uniq_menkaure
D:8:      lemuel_doored_altar, serial_shops, kennysheep_mini_moat, uniq_psyche,
          uniq_joseph
D:11:     david_lair_generic, enter_trove_1, uniq_josephine
D:12:     erik_orc_2, serial_bayou, serial_bayou_crossing, serial_bayou_lake_a,
          serial_bayou_shore_b
Temple:   grunt_wide_crystal_templ
Lair:1:   grunt_megastairs_5, uniq_gastronok
Lair:2:   minmay_shoals_entry_centaurs, cheibrodos_lair_lostbears
Lair:3:   nicolae_lair_grove_arrangements, st_stairs_3, uniq_nergalle,
          uniq_harold
Lair:4:   minmay_snake_entry_guardpost_medium, serial_bayou_pond_b
Lair:5:   pond_and_an_island_with_a_cottage, minmay_slime_entry_jelly_boxes,
          st_stairs_9, grunt_forest_large_clearings
Orc:1:    nicolae_for_you_no_charge
Orc:2:    st_orc_pillars, nicolae_orc_crystal_geode, uniq_rupert

Skill      XL: |  1  2  3  4  5  6  7  8  9 10 11 12 13 14 |
---------------+-------------------------------------------+-----
Conjurations   | 2 3 4 6 7 9 10 11 12 | 12.8
Spellcasting   | 4 5 6 7 9 10 11 12 13 15 | 15.0
Fire Magic     | 4 6 7 9 10 11 12 | 12.8
Fighting       | 2 4 6 8 10 | 10.4
Armour         | 3 4 6 |  6.0
Dodging        | 5 6 8 |  8.3
Stealth        | |  2.4

Action                   |  1- 3 |  4- 6 |  7- 9 | 10-12 | 13-15 || total
-------------------------+-------+-------+-------+-------+-------++-------
Melee: Short sword       |    16 |    51 |    38 |    50 |       ||   155
       Quick blade       |       |       |       |    96 |   179 ||   275
 Cast: Flame Tongue      |    42 |    85 |   164 |   279 |   280 ||   850
       Throw Flame       |    18 |    16 |    38 |    93 |   116 ||   281
       Conjure Flame     |       |     8 |    27 |    90 |    63 ||   188
       Sticky Flame      |       |     3 |    18 |    53 |   200 ||   274
       Fireball          |       |       |     4 |    53 |    79 ||   136
       Freeze            |       |       |       |     7 |       ||     7
       Animate Skeleton  |       |       |       |     7 |       ||     7
       Iskenderun's Myst |       |       |       |     6 |       ||     6
       Bolt of Magma     |       |       |       |       |     5 ||     5
       Apportation       |       |       |       |       |     2 ||     2
Evoke: Wand              |       |       |       |       |     5 ||     5
  Use: Potion            |     2 |     2 |     3 |     4 |     2 ||    13
       Scroll            |       |     3 |     9 |     7 |     5 ||    24
 Stab: Sleeping          |       |     3 |       |     2 |       ||     5
       Paralysed         |       |       |       |       |     4 ||     4
  Eat: Chunk             |     3 |     8 |    10 |    26 |    28 ||    75
       Fruit             |       |     2 |     6 |     2 |       ||    10
       Meat ration       |       |       |     1 |     2 |       ||     3
       Royal jelly       |       |       |       |     1 |     1 ||     2
       Bread ration      |       |       |       |       |     1 ||     1
Armor: Robe              |     9 |       |    17 |    32 |       ||    58
       Leather armour    |       |     4 |       |       |       ||     4
       Ring mail         |       |       |       |       |   201 ||   201
Dodge: Dodged            |    37 |    43 |    49 |   158 |   355 ||   642

Table legend:
 A = Spawn XP
 B = Non-spawn XP
 C = Spawn XP percentage of total XP
 D = Spawn monster count
 E = Non-spawn monster count
 F = Spawn count percentage of total count
 G = Total turns spent on level
                    A         B        C        D         E        F      G
               +---------+---------+-------+---------+---------+-------+---------
         Total |       0 |   79649 |   0.0 |       0 |     628 |   0.0 | 33216
               +---------+---------+-------+---------+---------+-------+---------
           D:1 |       0 |      33 |   0.0 |       0 |      17 |   0.0 |  1115
           D:2 |       0 |      99 |   0.0 |       0 |      26 |   0.0 |  1008
           D:3 |       0 |      97 |   0.0 |       0 |      28 |   0.0 |   848
           D:4 |       0 |     152 |   0.0 |       0 |      16 |   0.0 |  1521
           D:5 |       0 |    1284 |   0.0 |       0 |      27 |   0.0 |  2779
           D:6 |       0 |    2368 |   0.0 |       0 |      28 |   0.0 |  1236
           D:7 |       0 |    1563 |   0.0 |       0 |      25 |   0.0 |  1690
           D:8 |       0 |    1476 |   0.0 |       0 |      11 |   0.0 |  1307
           D:9 |       0 |    3843 |   0.0 |       0 |      24 |   0.0 |  1398
          D:10 |       0 |    2964 |   0.0 |       0 |      17 |   0.0 |  1729
          D:11 |       0 |    4806 |   0.0 |       0 |      20 |   0.0 |  2410
          D:12 |       0 |    6331 |   0.0 |       0 |      65 |   0.0 |  2289
        Lair:1 |       0 |    8388 |   0.0 |       0 |      33 |   0.0 |  1887
        Lair:2 |       0 |    5297 |   0.0 |       0 |      26 |   0.0 |  1582
        Lair:3 |       0 |    4887 |   0.0 |       0 |      23 |   0.0 |  1294
        Lair:4 |       0 |   11431 |   0.0 |       0 |      57 |   0.0 |  2861
        Lair:5 |       0 |    7968 |   0.0 |       0 |      44 |   0.0 |  1754
         Orc:1 |       0 |    3314 |   0.0 |       0 |      29 |   0.0 |   814
         Orc:2 |       0 |   13348 |   0.0 |       0 |     112 |   0.0 |  3596
               +---------+---------+-------+---------+---------+-------+---------
